 Dungeon Crawl Stone Soup version 0.25.1-2-g60ff931df9 (webtiles) character file.

Game seed: 7822196119949396967

0 lepoulpe303 the Ducker (level 1, -11/11 HPs)
             Began as a Spriggan Abyssal Knight on Aug 3, 2020.
             Was a Follower of Lugonu.
             Mangled by a small abomination (18 damage)
             ... on level 3 of the Abyss.
             The game lasted 00:02:26 (308 turns).

lepoulpe303 the Ducker (Spriggan Abyssal Knight)     Turns: 308, Time: 00:02:26

Health: -11/11     AC:  2    Str:  8    XL:     1   Next: 0%
Magic:  3/3        EV: 18    Int: 13    God:    Lugonu [*.....]
Gold:   61         SH:  0    Dex: 15    Spells: 0/0 levels left

rFire    . . .     SeeInvis +   a - +1 short sword
rCold    . . .     Gourm    .   (shield restricted)
rNeg     . . .     Faith    .   b - +0 robe
rPois    .         Spirit   .   (helmet restricted)
rElec    .         Reflect  .   (no cloak)
rCorr    .         Harm     .   (gloves unavailable)
MR       .....                  (boots unavailable)
Stlth    +.........             (no amulet)
HPRegen  0.03/turn              (no ring)
MPRegen  0.08/turn              (no ring)

@: very quick
A: very small, unfitting armour, see invisible, herbivore, speed 3, slow
metabolism 2
a: Depart the Abyss, Renounce Religion


You were on level 3 of the Abyss.
You worshipped Lugonu.
Lugonu was aware of your devotion.
You were not hungry.

You visited 0 branches of the dungeon, and saw 0 of its levels.
You visited the Abyss 1 time.

You collected 61 gold pieces.

Inventory:

Hand Weapons
 a - a +1 short sword (weapon)
Armour
 b - a +0 robe (worn)
Scrolls
 c - a scroll of remove curse {unknown}
 d - a scroll of immolation {unknown}
Potions
 f - a potion of cancellation {unknown}
Comestibles
 e - a ration


   Skills:
 + Level 2.4 Fighting
 + Level 2.1 Short Blades
 + Level 3.5 Dodging
 + Level 1.7 Invocations


You couldn't memorise any spells.
You didn't know any spells.
Your spell library was empty.

Dungeon Overview and Level Annotations

Branches:
Dungeon (0/15)

Altars:


Innate Abilities, Weirdness & Mutations

You are very small and have problems with some larger weapons.
You are too small for most types of armour.
You have supernaturally acute eyesight. (SInv)
You are a herbivore.
You cover ground extremely quickly.
You need to consume almost no food.


Message History

You plunge deeper into the Abyss.
The abyssal rune of Zot can be found at this depth.
Found a corrupted altar of Lugonu.
d - a scroll labeled KASUBI CAETUG
f - an emerald potion A small abomination comes into view.
You start resting.
The small abomination is too close now for your liking.
You see here 57 gold pieces.
You now have 61 gold pieces (gained 57).
You enter the shallow water.
Moving in this stuff is going to be slow.
You enter the shallow water.
Moving in this stuff is going to be slow.
A tentacle flies out from the starspawn's body!
A starspawn tentacle comes into view.
A lurking horror comes into view.
The small abomination hits you!!
Ouch! That really hurt!
You die...

.≈≈≈≈.≈.. ## .
.≈≈≈.≈≈#.#.##..
. ..#≈≈..#.#...
..#..#≈≈≈#...#
. #.##≈≈≈....
#....≈≈≈≈≈##
#.##%X≈..# ≈.
#.≈##.#≈≈
##x@## ≈≈#.
####..#./..#.
#.#.#####*..#
##.## #..≈ #.#
#. ###


You could see a tentacled starspawn, a small abomination and a lurking horror
(wandering).

Levels and vault maps discovered:
Abyss:3:  bh_abyss_exit_grid

Notes
Turn   | Place    | Note
-------+----------+-------------------------------------------
     0 | Abyss:1  | lepoulpe303 the Spriggan Abyssal Knight began the quest for
                  | the Orb.
     0 | Abyss:1  | Reached XP level 1. HP: 11/11 MP: 3/3
    25 | Abyss:1  | Noticed a tentacled starspawn
    25 | Abyss:1  | Noticed a starcursed mass
    43 | Abyss:1  | Noticed a large abomination
    48 | Abyss:1  | Noticed a small abomination
    67 | Abyss:1  | Noticed a tentacled starspawn
    81 | Abyss:1  | Noticed a large abomination
    83 | Abyss:1  | Noticed an ancient zyme
    85 | Abyss:1  | Noticed a large abomination
   100 | Abyss:1  | Noticed a raiju
   157 | Abyss:2  | Noticed a large abomination
   183 | Abyss:2  | Noticed a golden eye
   193 | Abyss:3  | Found a corrupted altar of Lugonu.
   245 | Abyss:3  | Noticed a small abomination
   286 | Abyss:3  | Noticed a tentacled starspawn
   308 | Abyss:3  | Mangled by a small abomination

Table legend:
 A = Turns spent in this place as a percentage of turns spent in the entire game.
 B = Non-inter-level travel turns spent in this place as a percentage of non-inter-level travel turns spent in the entire game.
 C = Inter-level travel turns spent in this place as a percentage of turns spent in this place.
 D = Turns resting spent in this place as a percentage of non-inter-level travel turns spent in this place.
 E = Turns spent auto-exploring this place as a percentage of non-inter-level travel turns spent in this place.
 F = Non-inter-level travel turns spent in this place divided by the number of levels of this place that you've seen.
                   A       B       C       D       E      F
               +-------+-------+-------+-------+-------+----------------------
         Total | 100.0 | 100.0 |   0.0 |  18.5 |   0.0 | 102.7
         Abyss | 100.0 | 100.0 |   0.0 |  18.5 |   0.0 | 102.7
               +-------+-------+-------+-------+-------+----------------------

Vanquished Creatures (others)
  4 starspawn tentacles
4 creatures vanquished.
